 Dungeon Crawl Stone Soup version 0.29.0-13-gc9e81de378 (webtiles) character file.

Game seed: 13733149155412313765

15768 RascalDebosk the Fighter (level 12, 0/110 HPs)
             Began as a Minotaur Berserker on Sept 10, 2022.
             Was an Elder of Trog.
             Slain by a two-headed ogre
             ... wielding a +0 giant spiked club
              (23 damage)
             ... on level 13 of the Dungeon.
             The game lasted 01:42:07 (13843 turns).

RascalDebosk the Fighter (Minotaur Berserker)      Turns: 13843, Time: 01:42:09

Health: 0/110      AC: 22    Str: 33    XL:     12   Next: 4%
Magic:  11/11      EV:  9    Int:  6    God:    Trog [****..]
Gold:   349        SH:  0    Dex: 14    Spells: 11/11 levels left

rFire   . . .      SeeInvis .   m - +0 battleaxe (vorpal)
rCold   . . .      Faith    .   (shield currently unavailable)
rNeg    . . .      Spirit   .   B - +1 plate armour
rPois   .          Reflect  .   (helmet restricted)
rElec   .          Harm     .   A - +2 cloak
rCorr   +          Rampage  .   (no gloves)
Will    ++...                   t - +2 pair of boots {Fly}
Stlth   ..........              y - amulet of the acrobat
HPRegen 1.28/turn               D - +6 ring of strength
MPRegen 0.12/turn               x - ring "Utyasuorgh" {rCorr Str+4 Dex+2}

@: strong-willed, on berserk cooldown, flying, regenerating, slowed, very slow
A: horns 2, retaliatory headbutt
a: Renounce Religion, Berserk, Trog's Hand, Brothers in Arms


You were on level 13 of the Dungeon.
You worshipped Trog.
Trog was greatly pleased with you.
You visited 1 branch of the dungeon, and saw 13 of its levels.

You collected 1110 gold pieces.
You spent 761 gold pieces at shops.

Inventory:

Hand Weapons
 m - a +0 vorpal battleaxe (weapon)
 o - a +0 bardiche of flaming
Missiles
 h - 4 silver javelins (quivered)
 k - 35 poisoned darts
 n - 2 curare-tipped darts
 p - 12 boomerangs
 r - 5 javelins
 v - 2 throwing nets
Armour
 t - a +2 pair of boots of flying (worn)
 A - a +2 cloak (worn)
 B - a +1 plate armour (worn)
Jewellery
 c - a +6 ring of dexterity
 g - a +4 ring of protection
 x - the ring "Utyasuorgh" (right hand) {rCorr Str+4 Dex+2}
   (You bought it in a shop on level 6 of the Dungeon)

   [ring of resist corrosion]

   Str:       It affects your strength (+4).
   Dex:       It affects your dexterity (+2).
   rCorr:     It protects you from acid and corrosion.
 y - an amulet of the acrobat (around neck)
 D - a +6 ring of strength (left hand)
 G - a ring of see invisible
Wands
 e - a wand of iceblast (11)
 j - a wand of charming (10)
Scrolls
 b - 7 scrolls of teleportation
 f - 2 scrolls of blinking
 i - 6 scrolls of fear
 l - 2 scrolls of poison
 z - 2 scrolls of immolation
 C - 2 scrolls of identify
 E - a scroll of magic mapping
 F - 3 scrolls of fog
Potions
 a - 2 potions of haste
 d - 2 potions of might
 q - 3 potions of berserk rage
 s - 2 potions of cancellation
 u - 5 potions of curing
 w - 2 potions of heal wounds
Miscellaneous
 H - a tin of tremorstones (2/2)


   Skills:
 + Level 11.2 Fighting
 + Level 11.2 Axes
 + Level 8.9 Throwing
 + Level 10.9 Armour
 - Level 2.1 Dodging
 + Level 8.1 Evocations


You had 11 spell levels left.
You didn't know any spells.
Your spell library was empty.

Dungeon Overview and Level Annotations

Branches:
Dungeon (13/15)            Temple (0/1) D:6            Lair (0/5) D:8
    Orc (0/2) D:12
 Vaults: D:13-14

Altars:
Ashenzari
Cheibriados
Elyvilon
Gozag
Hepliaklqana
Kikubaaqudgha
Nemelex Xobeh
Qazlal
Ru
Sif Muna
Trog
Vehumet
Xom
Yredelemnul
Zin
The Shining One

Shops:
D:3 *   D:6 =   D:10 *   D:12 (=*


Innate Abilities, Weirdness & Mutations

You have a pair of horns on your head.
You reflexively headbutt those who attack you in melee.


Message History

You swap places.
Your ogre hits the yaktaur with a +0 giant club!!!
The yaktaur dies!
Trog accepts your kill.
Your skin crawls.
You feel strong-willed.
Your ogre barely misses the centaur.
The centaur shoots an arrow.
The arrow hits your ogre!
Your ogre hits the centaur with a +0 giant club!!!
The centaur dies!
Trog accepts your kill.
You feel much better.
The two-headed ogre hits your ogre with a +0 giant spiked club!!
The two-headed ogre hits your ogre with a +0 giant club!!
Your ogre dies!
Your ogre's corpse disappears in a puff of smoke!
A yaktaur comes into view.
You slice the two-headed ogre!!
You headbutt the two-headed ogre, but do no damage.
The two-headed ogre is heavily wounded.
The two-headed ogre closely misses you. You furiously retaliate!
You headbutt the two-headed ogre.
The two-headed ogre hits you with a +0 giant club.
You closely miss the two-headed ogre. You headbutt the two-headed ogre.
The two-headed ogre is severely wounded.
The two-headed ogre hits you with a +0 giant spiked club!!
The two-headed ogre barely misses you.
You slash the two-headed ogre!
Your headbutt misses the two-headed ogre.
The two-headed ogre is almost dead.
The two-headed ogre closely misses you.
The two-headed ogre hits you with a +0 giant club!
You hit the two-headed ogre.
The two-headed ogre is almost dead.
The two-headed ogre hits you with a +0 giant spiked club!!
* * * LOW HITPOINT WARNING * * *
The two-headed ogre hits you with a +0 giant club!
* * * LOW HITPOINT WARNING * * *
The two-headed ogre hits you with a +0 giant spiked club!!
You die...

#..##.#..#.##..
#######'## # #O.# #..)#
#..# #.### #..# #.# #..#
#.# #..# #######.## #.##
#........#
######.########........#
#.......).ZcOO@........#
...####.########........#
#.# #........# #.#
#........# #.# #........#
#.# #####.#### #.# #..#
#+# ##+#


You could see a two-headed ogre, an ogre mage, a yaktaur and a centaur warrior
skeleton.

Vanquished Creatures
  Snorg (D:11)
  A rakshasa (D:12)
  2 hydras
  A centaur warrior (D:13)
  2 two-headed ogres
  A manticore (D:11)
  An ugly thing (D:12)
  A cyclops (D:12)
  A centaur skeleton (D:13)
  3 kobold demonologists (D:13)
  4 trolls
  Grinder (D:3)
  Sigmund (D:5)
  A shadow (D:9)
  A wraith (D:12)
  A wyvern (D:10)
  9 yaks
  A basilisk (D:13)
  3 steam dragons
  3 vampire mosquitoes (D:11)
  3 acid dragons
  3 orc warriors
  3 ice beasts
  3 black bears
  3 ogres
  2 centaurs (D:9)
  2 phantoms
  Blork the orc (D:5)
  5 bullfrogs
  3 kobold brigands
  3 gnoll sergeants
  3 scorpions
  A necrophage (D:6)
  4 killer bees (D:9)
  7 howler monkeys
  5 orc priests
  Crazy Yiuf (D:5)
  4 hounds
  Ijyb (D:5)
  An iguana (D:5)
  7 orc wizards
  Robin (D:2)
  14 gnolls
  4 adders
  2 white imps
  2 dart slugs (D:3)
  A worm (D:3)
  32 orcs
  9 ball pythons
  7 bats
  10 endoplasms
  4 giant cockroaches
  10 hobgoblins
  3 quokkas
  2 frilled lizards (D:1)
  13 goblins
  22 kobolds
  6 rats
  A bush (D:5)
247 creatures vanquished.

Vanquished Creatures (collateral kills)
  Lodul (D:10)
  A yaktaur (D:13)
  8 ogres (D:10)
  A centaur (D:13)
11 creatures vanquished.

Vanquished Creatures (others)
  An orc wizard (D:8)
  An orc (D:8)
  4 fungi (D:8)
  A plant (D:8)
7 creatures vanquished.

Grand Total: 265 creatures vanquished

Notes
Turn   | Place    | Note
-------+----------+-------------------------------------------
     0 | D:1      | RascalDebosk the Minotaur Berserker began the quest for the
                  | Orb.
     0 | D:1      | Reached XP level 1. HP: 19/19 MP: 0/0
   348 | D:1      | Reached XP level 2. HP: 27/27 MP: 1/1
   645 | D:1      | Reached ** piety under Trog
   854 | D:1      | Reached XP level 3. HP: 33/33 MP: 2/2
   931 | D:1      | Reached skill level 1 in Throwing
  1080 | D:2      | Reached skill level 1 in Evocations
  1129 | D:2      | Noticed Robin
  1136 | D:2      | Found a hazy altar of Hepliaklqana.
  1140 | D:2      | Killed Robin
  1149 | D:2      | Reached XP level 4. HP: 17/40 MP: 3/3
  1533 | D:2      | Found a faded altar of an unknown god.
  1707 | D:3      | Found Upso Foy's Assorted Antiques.
  1737 | D:3      | Reached XP level 5. HP: 9/47 MP: 4/4
  1833 | D:3      | Reached *** piety under Trog
  2126 | D:3      | Noticed Grinder
  2143 | D:3      | Paralysed by Grinder for 5 turns
  2150 | D:3      | HP: 2/45 [Grinder (4)]
  2151 | D:3      | Killed Grinder
  2152 | D:3      | Reached skill level 5 in Fighting
  2152 | D:3      | Reached skill level 5 in Axes
  2152 | D:3      | Reached XP level 6. HP: 6/56 MP: 5/5
  2398 | D:3      | Bought a grey potion for 18 gold pieces
  2398 | D:3      | Bought a fizzy ruby potion for 18 gold pieces
  2398 | D:3      | Bought a scroll labelled AVEFIU FEGUAME for 21 gold pieces
  2398 | D:3      | Bought a dark potion for 18 gold pieces
  2398 | D:3      | Bought a scroll labelled FUONNO VEUGG for 21 gold pieces
  2398 | D:3      | Bought a scroll labelled ATITHR WEROSKEE for 21 gold pieces
  2734 | D:4      | Found a bloodstained altar of Trog.
  2820 | D:4      | Identified the +10 dagger of Vixoi {venom, rF+ Str+2 Int+4}
  3092 | D:4      | Found a snail-covered altar of Cheibriados.
  3092 | D:4      | Found a radiant altar of Vehumet.
  3093 | D:4      | Found a sparkling altar of Nemelex Xobeh.
  3128 | D:5      | Entered Level 5 of the Dungeon
  3198 | D:5      | Noticed Ijyb
  3201 | D:5      | Killed Ijyb
  3252 | D:5      | Noticed Blork the orc
  3253 | D:5      | Noticed Sigmund
  3256 | D:5      | Reached XP level 7. HP: 54/61 MP: 6/6
  3272 | D:5      | Killed Blork the orc
  3275 | D:5      | HP: 2/61 [something/puff of flame (6)]
  3278 | D:5      | Killed Sigmund
  3279 | D:5      | Reached skill level 5 in Armour
  3747 | D:5      | Found a runed translucent door.
  3748 | D:5      | Noticed Crazy Yiuf
  3756 | D:5      | Killed Crazy Yiuf
  4005 | D:5      | Found a shimmering blue altar of Sif Muna.
  4022 | D:5      | Found a basalt altar of Yredelemnul.
  4022 | D:5      | Found a sacrificial altar of Ru.
  4401 | D:5      | Reached XP level 8. HP: 70/70 MP: 7/7
  4850 | D:6      | Found a staircase to the Ecumenical Temple.
  5122 | D:6      | Found Xeonufam's Jewellery Shoppe.
  6047 | D:7      | Reached **** piety under Trog
  6258 | D:7      | Reached skill level 5 in Throwing
  6258 | D:7      | Reached XP level 9. HP: 79/79 MP: 8/8
  7397 | D:8      | Reached skill level 5 in Evocations
  7755 | D:8      | Found a staircase to the Lair.
  7814 | D:8      | Noticed a two-headed ogre
  7840 | D:8      | Killed a two-headed ogre
  8483 | D:6      | Bought the ring "Utyasuorgh" {rCorr Str+4 Dex+2} for 475
                  | gold pieces
  8576 | D:8      | Found a broken altar of Ashenzari.
  8791 | D:9      | Reached XP level 10. HP: 90/90 MP: 9/9
  9567 | D:9      | Found a glowing silver altar of Zin.
  9567 | D:9      | Found a glowing golden altar of the Shining One.
  9568 | D:9      | Found a white marble altar of Elyvilon.
  9707 | D:9      | Found a stormy altar of Qazlal.
 10142 | D:10     | Entered Level 10 of the Dungeon
 10152 | D:10     | Found Cogriton's General Store.
 10163 | D:10     | Noticed a two-headed ogre
 10172 | D:10     | Killed a two-headed ogre
 10322 | D:10     | Bought a scroll of enchant armour for 97 gold pieces
 10355 | D:10     | Noticed Lodul
 10365 | D:10     | Killed Lodul
 10369 | D:10     | Reached XP level 11. HP: 99/99 MP: 10/10
 10495 | D:10     | Found an ancient bone altar of Kikubaaqudgha.
 10495 | D:10     | Found an opulent altar of Gozag.
 10932 | D:10     | Found a shimmering altar of Xom.
 10935 | D:10     | Reached skill level 10 in Fighting
 10935 | D:10     | Reached skill level 10 in Axes
 10935 | D:10     | Found a hazy altar of Hepliaklqana.
 11130 | D:11     | Found a snail-covered altar of Cheibriados.
 11169 | D:11     | Noticed an eight-headed hydra
 11173 | D:11     | Killed a six-headed hydra
 11756 | D:11     | Noticed Snorg
 11789 | D:11     | Killed Snorg
 11790 | D:11     | Reached skill level 10 in Armour
 12622 | D:12     | Found a staircase to the Orcish Mines.
 12747 | D:12     | Found Sirifoog's Weapon Boutique.
 12748 | D:12     | Found Iblof's Jewellery Emporium.
 12762 | D:12     | Noticed a cyan ugly thing
 12766 | D:12     | Killed a cyan ugly thing
 12848 | D:12     | Found Qyezxofo's Assorted Antiques.
 12851 | D:12     | Bought 3 scrolls labelled ZIOW OTIGH for 72 gold pieces
 13050 | D:12     | Noticed a rakshasa
 13060 | D:12     | Killed a rakshasa
 13637 | D:13     | Identified the +1 leather armour of the Vestibule of Hell
                  | {Stlth+}
 13639 | D:13     | Noticed an eight-headed hydra
 13641 | D:13     | Noticed a centaur warrior
 13642 | D:13     | Killed a six-headed hydra
 13660 | D:13     | Killed a centaur warrior
 13820 | D:13     | Noticed a two-headed ogre
 13821 | D:13     | Noticed an ogre mage
 13822 | D:13     | Reached XP level 12. HP: 95/110 MP: 11/11
 13843 | D:13     | Slain by a two-headed ogre

Illustrated notes

Levels and vault maps discovered:
D:1:      minmay_arrival_diagonal_passages, layout_basic
D:2:      layout_rooms, basic_altar, ebering_ecumenical_altar_sacrificial,
          chequers_arboretum, minmay_ruptured, uniq_robin
D:3:      layout_rooms, serial_shops, nicolae_shop_statue_plus, st_stairs_9,
          uniq_grinder
D:4:      layout_rooms, gammafunk_temple_overflow_claw, lemuel_tele_altar
D:5:      layout_basic, gammafunk_temple_overflow_forgotten, uniq_blork_the_orc,
          uniq_sigmund, uniq_ijyb, uniq_crazy_yiuf_cottage
D:6:      layout_basic, minmay_temple_entry_stoned_glass, serial_shops,
          shop_fountains
D:7:      layout_cave_pods, serial_co_window_serial, co_window_paths_b,
          co_window_paths_b, co_window_paths_b, co_window_corner_a,
          co_window_paths_a, co_window_of_opportunity_b,
          co_window_of_opportunity_c, co_window_broadway_c, co_window_2corner,
          co_window_paths_d, glass_columns_a, glass_columns_b, glass_columns_a,
          glass_columns_a, glass_columns_b
D:8:      layout_gridville, cheibrodos_ashenzari_chains,
          grunt_lair_entry_orc_guard_hut, minmay_parallelograms
D:9:      layout_irregular_city, good_gods_temple_1, old_standard_altar,
          hangedman_decor_peaks_small
D:10:     layout_long_grid, regret_index_temple_of_mockery,
          gammafunk_temple_overflow_elements, serial_shops,
          nicolae_shop_advertising_works [nicolae_subvault_shop_adworks],
          moated_statue, minmay_misc_feat_tiny, uniq_lodul
D:11:     layout_loops_corners, cheibriados_altar_2, uniq_snorg
D:12:     layout_basic, david_orc_2, serial_shops, shop_statue,
          kennysheep_mini_moat, shop
D:13:     layout_roguey, hangedman_vaults_entry_quadrant_bands, fedhas_altar_3

Skill      XL: |  1  2  3  4  5  6  7  8  9 10 11 |
---------------+----------------------------------+-----
Axes           | 4 5 6 7 8 9 11 | 11.2
Fighting       | 4 5 6 7 8 9 11 | 11.2
Throwing       | 1 2 3 5 6 7 8 |  8.9
Evocations     | 1 2 3 4 5 6 8 |  8.1
Armour         | 3 4 5 6 8 9 10 | 10.9
Dodging        | |  2.1

Action                   |  1- 3 |  4- 6 |  7- 9 | 10-12 || total
-------------------------+-------+-------+-------+-------++-------
Melee: Hand axe          |    88 |    29 |       |       ||   117
       Headbutt          |     9 |    13 |    33 |    35 ||    90
       Bardiche          |       |    53 |   185 |    60 ||   298
       Battleaxe         |       |       |       |   159 ||   159
Throw: Dart              |       |     2 |    34 |    31 ||    67
       Javelin           |       |       |       |     8 ||     8
       Boomerang         |       |       |       |     4 ||     4
Invok: Trog's Hand       |       |     3 |     2 |     4 ||     9
       Berserk           |       |     3 |     9 |     8 ||    20
       Brothers in Arms  |       |       |       |     2 ||     2
  Use: Scroll            |       |    11 |     5 |    11 ||    27
       Potion            |       |       |     4 |     2 ||     6
Armor: Animal skin       |    15 |       |       |       ||    15
       Ring mail         |    20 |    47 |    41 |       ||   108
       Scale mail        |       |       |    28 |       ||    28
       Acid dragon scale |       |       |    33 |       ||    33
       Chain mail        |       |       |    32 |       ||    32
       Plate armour      |       |       |     1 |   248 ||   249
Dodge: Dodged            |    72 |    68 |   125 |   182 ||   447
